 Dungeon Crawl Stone Soup version 0.23.2 (webtiles) character file.

Game seed: 12313684571191534081

923 Borgoz the Skirmisher (level 8, -2/49 HPs)
             Began as a Gargoyle Gladiator on Apr 10, 2019.
             Hit by a large rock thrown by a cyclops (17 damage)
             ... on level 6 of the Dungeon.
             The game lasted 00:16:05 (5419 turns).

Borgoz the Skirmisher (Gargoyle Gladiator)          Turns: 5419, Time: 00:16:07

Health: -2/49      AC: 16    Str: 18    XL:     8   Next: 10%
Magic:  8/8        EV: 12    Int: 10    God:
Gold:   211        SH:  0    Dex: 12    Spells: 7/7 levels left

rFire    . . .     SeeInvis .   a - +2 dagger (venom)
rCold    . . .     Gourm    .   (no shield)
rNeg     + + .     Faith    .   g - +4 ring mail
rPois    ∞         Spirit   .   c - +0 helmet
rElec    +         Reflect  .   (no cloak)
rCorr    .         Harm     .   (no gloves)
MR       .....                  (no boots)
Stlth    +.........             (no amulet)
HPRegen  0.16/turn              w - ring of positive energy
MPRegen  0.11/turn              (no ring)

@: no status effects
A: negative energy resistance 1, electricity resistance, unbreathing,
petrification resistance, rot immunity, AC +5
a: no special abilities


You were on level 6 of the Dungeon.
You were hungry.

You visited 1 branch of the dungeon, and saw 6 of its levels.

You collected 211 gold pieces.

Inventory:

Hand Weapons
 a - a +2 dagger of venom (weapon)
 b - a +3 dagger
 q - a +0 rapier
Armour
 c - a +0 helmet (worn)
 e - a +1 leather armour of cold resistance
 g - a +4 ring mail (worn)
Jewellery
 w - a ring of positive energy (left hand)
Wands
 v - a wand of flame (21)
Scrolls
 h - 4 scrolls of fog
 i - a scroll of enchant armour {unknown}
 j - 5 scrolls of teleportation
 p - a scroll of immolation {unknown}
 r - a scroll of enchant weapon {unknown}
 s - 3 scrolls of remove curse
 u - a scroll of fear {unknown}
 y - a scroll of identify
Potions
 k - 2 potions of brilliance
 l - a potion of flight {unknown}
 m - a potion of lignification
 n - 5 potions of curing
 o - a potion of magic {unknown}
 t - a potion of heal wounds {unknown}
 x - a potion of mutation {unknown}
Comestibles
 f - 7 rations


   Skills:
 + Level 5.2 Fighting
 + Level 4.7 Short Blades
 - Level 1.7 Throwing
 + Level 4.5 Armour
 + Level 4.3 Dodging
 - Level 2.1 Stealth


You had 7 spell levels left.
You didn't know any spells.
Your spell library contained the following spells:

 Spells                   Type           Power        Failure   Level  Hunger
 Confusing Touch          Hex            #.....       54%         1    ##.....
 Confuse                  Hex            #.......     88%         3    ####...
 Gell's Gravitas          Tloc           #.........   88%         3    ####...
 Petrify                  Tmut/Erth      #.......     99%         4    #####..
 Metabolic Englaciation   Hex/Ice        #.........   100%        5    ######.
 Yara's Violent Unravell  Hex/Tmut       #.........   100%        5    ######.


Dungeon Overview and Level Annotations

Branches:
Dungeon (6/15)
 Temple: D:4-7

Altars:
Cheibriados
Gozag
Nemelex Xobeh
Ru
Vehumet
Wu Jian
Zin
The Shining One

Shops:
D:4 (


Innate Abilities, Weirdness & Mutations

You are resistant to torment.
Your stone body is resilient. (AC +5)
You are immune to poison.
You resist negative energy. (rN+)
You are resistant to electric shocks. (rElec)
You can survive without breathing.
You are immune to petrification.
You are immune to rotting.


Message History

Okay, then.
You hit the cyclops but do no damage.
The cyclops looks as sick as possible!
The cyclops is lightly wounded.
The cyclops hits you!
You hit the cyclops but do no damage.
The cyclops looks as sick as possible!
The cyclops is lightly wounded.
As you read the scroll of teleportation, it crumbles to dust.
You feel strangely unstable. The cyclops misses you.
You hit the cyclops but do no damage.
The cyclops looks as sick as possible!
The cyclops is lightly wounded.
You hit the cyclops.
The cyclops is lightly wounded.
The cyclops hits you.
You hit the cyclops.
The cyclops looks as sick as possible!
The cyclops is moderately wounded.
Your surroundings seem slightly different.
A worker ant comes into view.
The worker ant twitches its antennae in your direction.
The cyclops throws a large rock.
The large rock hits you!
You die...

##. ##. . ###..
.. ..#a... .## .
...... #..##..
#....#.....!.
.###...........
...............
##@....?.#
#.#.....##..#.#.
#........#..#..
.<............
.#......##.#..
## ###.
....####.### #.
.. ###.#.#....#
#. .. #C§.#....#
#. #...#......##
#.


You could see a cyclops and a worker ant.

Vanquished Creatures
  2 ogres (D:4)
  A centaur (D:5)
  3 crimson imps
  A bullfrog zombie (D:5)
  2 hounds
  A jelly (D:6)
  A centaur skeleton (D:4)
  An orc priest (D:3)
  2 orc wizards (D:4)
  An iguana (D:5)
  7 adders
  11 gnolls
  An ooze (D:2)
  2 adder skeletons
  2 worms
  5 dart slugs
  5 leopard geckos
  15 orcs
  3 ball pythons
  8 bats
  7 giant cockroaches
  7 hobgoblins
  3 jackals (D:1)
  4 quokkas
  2 frilled lizards
  8 goblins
  7 kobolds
  2 quokka skeletons (D:4)
  2 rats
116 creatures vanquished.

Notes
Turn   | Place    | Note
-------+----------+-------------------------------------------
     0 | D:1      | Borgoz the Gargoyle Gladiator began the quest for the Orb.
     0 | D:1      | Reached XP level 1. HP: 12/12 MP: 1/1
    94 | D:1      | Reached XP level 2. HP: 13/18 MP: 2/2
   308 | D:1      | Reached skill level 1 in Armour
   321 | D:1      | Reached XP level 3. HP: 22/22 MP: 3/3
   762 | D:2      | Found an ornate altar of the Wu Jian Council.
   943 | D:2      | Reached skill level 3 in Fighting
   943 | D:2      | Reached XP level 4. HP: 25/28 MP: 4/4
  1103 | D:2      | Found a sparkling altar of Nemelex Xobeh.
  1351 | D:2      | Found a glowing golden altar of the Shining One.
  1711 | D:3      | You fall through a shaft for 2 floors!
  1711 | D:5      | Entered Level 5 of the Dungeon
  1732 | D:5      | Reached XP level 5. HP: 11/32 MP: 5/5
  2519 | D:3      | Reached XP level 6. HP: 33/38 MP: 6/6
  2533 | D:3      | Found an opulent altar of Gozag.
  2697 | D:3      | Reached skill level 4 in Fighting
  2927 | D:3      | Found a snail-covered altar of Cheibriados.
  2961 | D:3      | Found a sacrificial altar of Ru.
  3528 | D:4      | Found a glowing silver altar of Zin.
  3559 | D:4      | Reached XP level 7. HP: 22/44 MP: 7/7
  3942 | D:4      | Reached skill level 1 in Stealth
  4252 | D:4      | Found Yriav's Weapon Shoppe.
  4972 | D:5      | Reached skill level 5 in Fighting
  5085 | D:5      | Reached XP level 8. HP: 36/49 MP: 8/8
  5155 | D:6      | Found a radiant altar of Vehumet.
  5399 | D:6      | Noticed a cyclops
  5419 | D:6      | Hit by a large rock thrown by a cyclops

Skill      XL: |  1  2  3  4  5  6  7 |
---------------+----------------------+-----
Armour         | 1 2 3 4 |  4.5
Short Blades   | 3 4 |  4.7
Fighting       | 3 4 5 |  5.2
Dodging        | 3 4 |  4.3
Stealth        | 2 |  2.1
Throwing       | |  1.7

Action                   |  1- 3 |  4- 6 |  7- 9 || total
-------------------------+-------+-------+-------++-------
Melee: Rapier            |    84 |       |       ||    84
       Dagger            |    30 |   336 |   184 ||   550
Throw: Throwing net      |       |     3 |     3 ||     6
  Use: Scroll            |     3 |     2 |     4 ||     9
       Potion            |       |     1 |       ||     1
 Stab: Held in net/web   |       |     1 |       ||     1
  Eat: Chunk             |       |     9 |     2 ||    11
       Ration            |       |       |     1 ||     1
Armor: Ring mail         |    93 |   136 |    60 ||   289
       Leather armour    |     2 |       |       ||     2
Dodge: Dodged            |   140 |   207 |    73 ||   420
